 Dungeon Crawl Stone Soup version 0.16.0-5-g717f7e7 (console) character file.

7579 schistosomatic the Grappler (level 10, -6/100 HPs)
             Began as a Troll Arcane Marksman on Mar 14, 2015.
             Was a Priest of Ru.
             Hit by a large rock thrown by a cyclops (45 damage)
             ... on level 10 of the Dungeon.
             The game lasted 00:20:56 (9915 turns).

schistosomatic the Grappler (Troll Arcane Marksman) Turns: 9915, Time: 00:20:56

Health: -6/100     AC: 10    Str: 25 (26) XL:     10   Next: 97%
Magic:  8/8        EV: 12    Int:  9      God:    Ru [***...]
Gold:   601        SH:  0    Dex: 11 (12) Spells: 1 memorised, 10 levels left

rFire  + . .     SeeInvis .       - Unarmed
rCold  + . .     Clarity  .     j - +2 robe {rC+ rF+}
rNeg   . . .     SustAb   .     (shield restricted)
rPois  .         Gourm    +     (helmet restricted)
rElec  .         Spirit   .     (no cloak)
rCorr  +         Warding  .     (gloves unavailable)
rMut   .         Stasis   .     (boots unavailable)
MR     .....                    V - amulet of resist corrosion
Stlth  +.........               B - +3 ring of strength
                                U - +3 ring of protection

@: no scrolls, not resistant to hostile enchantments, very unstealthy
A: unfitting armour, claws 3, talons 1, fast metabolism 3, gourmand,
regeneration 2, shaggy fur 1, strong 1, tough skin 2, inability to read while
threatened, inability to train armour
a: Draw Out Power, Renounce Religion


You were on level 10 of the Dungeon.
You worshipped Ru.
Ru was most pleased with you.
You were very full.

You visited 2 branches of the dungeon, and saw 11 of its levels.
You also visited: Sewer.

You collected 601 gold pieces.

Inventory:

Hand weapons
 C - a +1 blowgun
 N - a +2 flail of holy wrath
 Z - the +8 mace "Goblinslayer" {crush, rPois rC+ Str-4 Int+3 Stlth+, unknown}
   (You found it on level 9 of the Dungeon)

   It inflicts extra damage upon your enemies.
   It affects your strength (-4).
   It affects your intelligence (+3).
   It protects you from cold.
   It protects you from poison.
   It makes you more stealthy.
Missiles
 b - 9 large rocks (quivered)
 c - 4 throwing nets
 D - 13 poisoned needles
 H - 8 javelins
Armour
 a - a +0 robe
 j - a +2 robe of resistance (worn)
Jewellery
 r - an uncursed ring of see invisible
 t - an uncursed ring of teleport control
 y - an uncursed ring of teleportation
 A - an uncursed ring of sustain abilities
 B - a +3 ring of strength (right claw)
 S - an uncursed ring of teleport control
 U - a +3 ring of protection (left claw)
 V - an amulet of resist corrosion (around neck)
Magical devices
 i - a wand of magic darts (13)
 s - a wand of flame (48)
 G - a wand of cold (13)
 M - a wand of flame (35)
 Y - a wand of confusion (27)
Scrolls
 e - 3 scrolls of enchant armour
 k - 6 scrolls of teleportation
 o - 8 scrolls of identify
 p - 2 scrolls of fog
 E - 2 scrolls of magic mapping
 K - a scroll of immolation {unknown}
 T - a scroll of recharging
 W - 2 scrolls of amnesia
Potions
 h - a potion of degeneration
 m - a potion of magic
 n - a potion of restore abilities
 q - a potion of brilliance {unknown}
 u - a potion of curing
 v - a potion of cancellation {unknown}
 x - a potion of heal wounds
 z - a potion of might {unknown}
 F - a potion of haste
 J - a potion of lignification {unknown}
 O - a potion of agility
 Q - 2 potions of resistance
Books
 d - a book of Debilitation

   Spells                             Type                      Level
   a - Corona                         Hexes                        1
   b - Slow                           Hexes                        2
   c - Inner Flame                    Hexes/Fire                   3
   d - Enslavement                    Hexes                        4
   e - Cause Fear                     Hexes                        4
   f - Leda's Liquefaction            Hexes/Earth                  4
 w - a book of Necromancy

   Spells                             Type                      Level
   a - Pain                           Necromancy                   1
   b - Animate Skeleton               Necromancy                   1
   c - Vampiric Draining              Necromancy                   3
   d - Regeneration                   Charms/Necromancy            3
   e - Animate Dead                   Necromancy                   4
   f - Control Undead                 Necromancy                   4
 I - a book of Cantrips

   Spells                             Type                      Level
   a - Corona                         Hexes                        1
   b - Animate Skeleton               Necromancy                   1
   c - Summon Small Mammal            Summoning                    1
   d - Apportation                    Translocation                1
 P - a book of the Warp

   Spells                             Type                      Level
   a - Recall                         Summoning/Translocation      3
   b - Control Teleport               Charms/Translocation         4
   c - Force Lance                    Conjuration/Translocation    4
   d - Phase Shift                    Translocation                5
   e - Warp Weapon                    Charms/Translocation         5
   f - Gell's Gravitas                Hexes/Translocation          5
   g - Summon Forest                  Summoning/Translocation      5
 R - a book of Summonings

   Spells                             Type                      Level
   a - Abjuration                     Summoning                    3
   b - Recall                         Summoning/Translocation      3
   c - Shadow Creatures               Summoning                    5
   d - Summon Demon                   Summoning                    5
   e - Summon Forest                  Summoning/Translocation      5
   f - Monstrous Menagerie            Summoning                    6
Comestibles
 f - 7 meat rations
 g - 5 chunks of flesh
 l - 9 bread rations
 L - a beef jerky
 X - 4 fruits


   Skills:
 + Level 6.4 Fighting
 - Level 1.7 Throwing
 - Level 5.9 Dodging
 * Level 12.6 Unarmed Combat
 - Level 1.0 Spellcasting
   Level 2.0 Hexes
 + Level 2.6 Evocations


You had 10 spell levels left.
You knew the following spells:

 Your Spells              Type           Power        Failure   Level  Hunger
a - Animate Skeleton      Necr           N/A          38%         1    ##.....


Dungeon Overview and Level Annotations

Branches:
Dungeon (10/15)            Temple (1/1) D:6             Orc (0/4) D:9
   Lair: D:8-11

Altars:
Ashenzari
Cheibriados
Dithmenos
Elyvilon
Fedhas
Gozag
Makhleb
Okawaru
Qazlal
Ru
Sif Muna
Trog
Vehumet
Xom
Yredelemnul
Zin
The Shining One


Innate Abilities, Weirdness & Mutations

You are too large for most types of armour.
You have claws for hands.
Your metabolism is lightning-fast.
You like to eat raw meat.
You heal very quickly.
You are covered in fur (AC +1).
You have very tough skin (AC +2).
You cannot read scrolls while threatened.
You cannot train Armour skill.
You have sharp toenails.
Your muscles are strong. (Str +2)


Message History

A troll comes into view.
The troll shouts!
The troll moves out of view.
V - a thick jade amulet A cyclops comes into view.
Put on which piece of jewellery? (? for menu, Esc to quit)
V - an amulet of resist corrosion (around neck)
The troll bites you but does no damage. The troll claws you.
The troll misses you. The troll bites you but does no damage.
The troll claws you but does no damage. The troll closely misses you.
The cyclops shouts!
The troll bites you! The troll closely misses you.
The troll closely misses you.
The cyclops throws a large rock.
The large rock hits you!!!
You see here a large rock.
The troll bites you!
You feel threatened and lose the ability to read scrolls!
The troll claws you. The troll claws you but does no damage.
The cyclops throws a large rock.
The large rock hits you!!!
You die... ∙∙∙∙∙∙∙∙∙∙∙∙∙▒ ∙∙∙∙∙▒∙∙∙▒▒▒∙▒ ∙∙∙ ▒∙∙∙▒ ▒∙▒ ∙ ▒∙∙∙▒ ▒∙∙ ▒∙∙∙▒ ∙∙∙∙

▒∙∙∙▒ ▒▒▒
▒▒∙∙∙▒▒∙▒
▒∙T∙∙∙∙∙▒
▒∙@(∙▒▒▒▒
▒C∙∙∙∙∙∙∙?▒
▒∙∙∙∙∙∙∙∙∙▒
▒∙∙∙∙∙∙∙∙∙▒
▒▒▒▒▒∙▒▒▒▒▒
∙∙ ▒▒▒


You could see a cyclops and a troll.

Vanquished Creatures
  A two-headed ogre (D:9)
  Prince Ribbit (D:9)
  A shadow (D:9)
  A wyvern (D:8)
  A hill giant zombie (D:9)
  4 hungry ghosts
  A spriggan (D:7)
  12 yaks (D:9)
  A hippogriff (D:6)
  Edmund (D:7)
  An orc warrior (D:7)
  A black bear (D:9)
  2 ice beasts
  2 sky beasts
  A necrophage (D:8)
  4 phantoms
  3 ogres
  A centaur (D:6)
  Sigmund (D:4)
  3 big kobolds (Sewer)
  Blork the orc (D:5)
  5 giant frogs
  A gnoll sergeant (D:8)
  A wyvern zombie (D:9)
  A scorpion (D:6)
  A troll zombie (D:9)
  3 killer bees (D:6)
  7 crimson imps
  8 wights (D:7)
  A centaur zombie (D:10)
  A gnoll shaman (D:5)
  A goliath beetle (D:6)
  A hound (D:7)
  2 orc priests
  A quasit (D:10)
  A giant frog skeleton (D:9)
  4 orc wizards
  4 iguanas
  6 worker ants
  4 ogre zombies (D:9)
  Ijyb (D:6)
  Jessica (D:2)
  2 hound skeletons
  9 adders
  14 gnolls
  3 river rats (Sewer)
  2 shadow imps
  5 giant mites
  4 worms
  An adder skeleton (D:4)
  7 giant geckos
  6 oozes
  14 orcs
  15 bats
  10 hobgoblins
  4 jackals (D:9)
  9 quokkas
  5 ball pythons
  4 giant cockroaches
  2 giant newts
  8 goblins
  3 goblin skeletons (D:9)
  3 goblin zombies (D:9)
  A hobgoblin zombie (D:9)
  A jackal skeleton (D:6)
  19 kobolds
  3 orc skeletons (D:9)
  9 orc zombies (D:9)
  A quokka skeleton (D:7)
  A quokka zombie (D:6)
  15 rats
279 creatures vanquished.

Notes
Turn   | Place    | Note
--------------------------------------------------------------
     0 | D:1      | schistosomatic, the Troll Arcane Marksman, began the quest for the Orb.
     0 | D:1      | Reached XP level 1. HP: 18/18 MP: 2/2
    63 | D:1      | Reached skill level 1 in Unarmed Combat
   253 | D:1      | Reached XP level 2. HP: 26/26 MP: 2/2
  1004 | D:2      | Reached XP level 3. HP: 32/32 MP: 3/3
  1070 | D:2      | Reached skill level 3 in Unarmed Combat
  1196 | D:2      | Noticed Jessica
  1221 | D:3      | Gained mutation: Your system is resistant to poisons. [potion of mutation]
  1221 | D:3      | Gained mutation: Your muscles are strong. (Str +2) [potion of mutation]
  1221 | D:3      | Gained mutation: You expend magic power (3 MP) to slightly strengthen your wands. [potion of mutation]
  1240 | D:3      | Reached skill level 4 in Unarmed Combat
  1240 | D:3      | Reached XP level 4. HP: 6/40 MP: 3/3
  1241 | D:3      | HP: 2/40 [orc/mace (4)]
  1333 | D:3      | Gained mutation: You evolve. [potion of mutation]
  1333 | D:3      | Gained mutation: You possess an exceptional clarity of mind. [potion of mutation]
  2232 | D:4      | Noticed Sigmund
  2240 | D:4      | Killed Sigmund
  2240 | D:4      | Reached skill level 5 in Unarmed Combat
  2240 | D:4      | Reached XP level 5. HP: 32/46 MP: 4/4
  2578 | D:4      | Gained mutation: Your body is misshapen. [evolution]
  2578 | D:4      | Lost mutation: You evolve. [end of evolution]
  2659 | D:4      | Found a glowing drain.
  2683 | Sewer    | Entered a sewer
  2713 | Sewer    | Reached XP level 6. HP: 46/54 MP: 5/5
  2744 | Sewer    | Reached skill level 6 in Unarmed Combat
  3027 | Sewer    | Reached skill level 7 in Unarmed Combat
  3048 | Sewer    | Reached XP level 7. HP: 61/61 MP: 5/5
  3321 | Sewer    | Learned a level 1 spell: Animate Skeleton
  3342 | D:4      | Reached skill level 1 in Fighting
  3652 | D:4      | Noticed an ogre
  3657 | D:4      | Killed an ogre
  4346 | D:5      | Entered Level 5 of the Dungeon
  4431 | D:2      | Killed Jessica
  4795 | D:5      | Noticed Blork the orc
  4878 | D:6      | Reached skill level 8 in Unarmed Combat
  4980 | D:6      | Found a staircase to the Ecumenical Temple.
  5003 | Temple   | Entered the Ecumenical Temple
  5203 | Temple   | Became a worshipper of Ru the Awakened
  5306 | D:6      | Reached XP level 8. HP: 72/72 MP: 5/5
  5721 | D:6      | Reached skill level 9 in Unarmed Combat
  5738 | D:6      | Noticed Ijyb
  5741 | D:6      | Killed Ijyb
  5975 | D:5      | Killed Blork the orc
  6410 | D:5      | Lost mutation: You possess an exceptional clarity of mind. [mutagenic meat]
  6975 | D:6      | Reached XP level 9. HP: 81/84 MP: 6/6
  7122 | D:7      | Gained mutation: You cannot train Armour skill. [Ru sacrifice]
  7122 | D:7      | Acquired Ru's first power
  7179 | D:7      | Reached skill level 10 in Unarmed Combat
  7488 | D:7      | Noticed Edmund
  7591 | D:7      | Killed Edmund
  7951 | D:8      | Reached skill level 5 in Dodging
  8004 | D:8      | Reached skill level 5 in Fighting
  8069 | D:8      | Found a shimmering altar of Xom.
  8082 | D:8      | Found a glowing golden altar of the Shining One.
  8086 | D:8      | Reached skill level 11 in Unarmed Combat
  8119 | D:8      | Found a burning altar of Makhleb.
  8360 | D:8      | Gained mutation: You have sharp toenails. [mutagenic meat]
  8373 | D:8      | Reached XP level 10. HP: 96/96 MP: 7/7
  8721 | D:9      | Noticed Prince Ribbit
  8736 | D:9      | Killed Prince Ribbit
  8737 | D:9      | Found a blossoming altar of Fedhas.
  8898 | D:9      | Found a staircase to the Orcish Mines.
  9013 | D:9      | Gained mutation: You cannot read scrolls while threatened. [Ru sacrifice]
  9013 | D:9      | Acquired Ru's second power
  9013 | D:9      | Acquired Ru's third power
  9049 | D:9      | Reached skill level 1 in Evocations
  9180 | D:9      | Reached skill level 12 in Unarmed Combat
  9481 | D:9      | Got a brightly glowing mace
  9597 | D:9      | Lost mutation: Your system is resistant to poisons. [potion of cure mutation]
  9597 | D:9      | Lost mutation: You expend magic power (3 MP) to slightly strengthen your wands. [potion of cure mutation]
  9597 | D:9      | Lost mutation: Your body is misshapen. [potion of cure mutation]
  9845 | D:10     | Entered Level 10 of the Dungeon
  9909 | D:10     | Noticed a cyclops
  9915 | D:10     | Hit by a large rock thrown by a cyclops

Action                   |  1- 3 |  4- 6 |  7- 9 | 10-12 || total
-------------------------+-------+-------+-------+-------++-------
Melee: Unarmed           |   122 |   128 |   301 |   163 ||   714
Invok: Sacrifice Durabil |       |       |     1 |       ||     1
       Sacrifice Words   |       |       |       |     1 ||     1
  Use: Potion            |     4 |     3 |     3 |     5 ||    15
       Scroll            |     1 |     5 |     4 |     2 ||    12
 Stab: Invisible         |     2 |       |       |       ||     2
  Eat: Chunk             |    15 |    18 |    45 |    21 ||    99
       Bread ration      |       |       |     1 |       ||     1
       Beef jerky        |       |       |     1 |       ||     1
